 Dungeon Crawl Stone Soup version 0.30.1-4-g462c640d31 (webtiles) character file.

Game seed: 3070790351082898412

1761 Kraken2834 the Cleaver (level 8, -6/73 HPs)
             Began as a Minotaur Monk on Sept 1, 2023.
             Was a Believer of Okawaru.
             Killed by divine providence
             ... invoked by an orc priest
              (15 damage)
             ... on level 6 of the Dungeon.
             The game lasted 00:18:22 (5442 turns).

Kraken2834 the Cleaver (Minotaur Monk)              Turns: 5442, Time: 00:18:23

Health: -6/73      AC: 12    Str: 17    XL:     8   Next: 79%
Magic:  8/8        EV:  7    Int:  7    God:    Okawaru [**....]
Gold:   314        SH:  0    Dex: 14    Spells: 7/7 levels left

rFire   . . .        a - +0 hand axe
rCold   + . .        C - orb {light}
rNeg    . . .        p - +0 plate armour
rPois   .            (helmet restricted)
rElec   .            (no cloak)
rCorr   .            (no gloves)
SInv    .            (no boots)
Will    +....        (no amulet) Stlth
                     k - ring of willpower
HPRegen 0.32/turn    m - ring of protection from cold
MPRegen 0.11/turn

%: no passive effects
@: glowing
A: horns 2, retaliatory headbutt
a: Renounce Religion, Heroism


You were on level 6 of the Dungeon.
You worshipped Okawaru.
Okawaru was pleased with you.
You visited 2 branches of the dungeon, and saw 7 of its levels.
You also visited: Ossuary.

You collected 314 gold pieces.

Inventory:

Hand Weapons
 a - a +0 hand axe (weapon)
 u - the +3 whip of Kybieme {flame, rF+ rC++ rCorr Int-4}
   (You found it on level 4 of the Dungeon)

   Int:       It affects your intelligence (-4).
   rF:        It protects you from fire.
   rC:        It greatly protects you from cold.
   rCorr:     It protects you from acid and corrosion.
 D - a +1 scythe of venom
Armour
 b - a +0 robe
 d - an orb of light
 p - a +0 plate armour (worn)
 B - a +0 ring mail of fire resistance
 C - an orb of light (worn)
Jewellery
 k - a ring of willpower (left hand)
 m - a ring of protection from cold (right hand)
Wands
 q - a wand of quicksilver (9) (quivered)
 y - a wand of paralysis (18)
Scrolls
 f - a scroll of fog {unknown}
 g - 11 scrolls of identify {unknown}
 l - 4 scrolls of teleportation {unknown}
 o - a scroll of torment {unknown}
 t - a scroll of brand weapon {unknown}
 w - 2 scrolls of enchant armour {unknown}
 A - a scroll of amnesia {unknown}
 E - a scroll of noise {unknown}
Potions
 c - 2 potions of ambrosia
 e - 2 potions of attraction {unknown}
 h - 2 potions of magic {unknown}
 i - 3 potions of invisibility {unknown}
 j - 3 potions of mutation {unknown}
 n - 4 potions of haste {unknown}
 r - 6 potions of curing {unknown}
 s - 2 potions of lignification {unknown}
 v - 2 potions of might {unknown}
 x - 2 potions of flight {unknown}
 z - a potion of heal wounds


   Skills:
 * Level 7.6 Fighting
 + Level 8.5 Axes
 * Level 6.5 Armour
 * Level 6.0 Dodging
 * Level 1.6 Invocations


You had 7 spell levels left.
You didn't know any spells.
Your spell library contained the following spells:

 Spells                   Type           Power      Damage    Failure   Level
 Dazzling Flash           Conj/Hex       0%         N/A       100%        3
 Volatile Blastmotes      Fire/Tloc      0%         2d10      100%        3
 Iskenderun's Mystic Bla  Conj/Tloc      0%         2d3       100%        4
 Blade Hands              Tmut           0%         N/A       100%        5
 Iron Shot                Conj/Erth      0%         9d1       100%        6
 Starburst                Conj/Fire      0%         6d3       100%        6
 Animate Armour           Summ/Erth      Unusable   N/A       N/A         4

Dungeon Overview and Level Annotations

Branches:
Dungeon (6/15)             Temple (1/1) D:5         Ossuary (visited)

Altars:
Ashenzari
Cheibriados
Dithmenos
Elyvilon
Hepliaklqana
Kikubaaqudgha
Makhleb
Nemelex Xobeh
Okawaru
Qazlal
Ru
Sif Muna
Trog
Wu Jian
Xom
Yredelemnul
Zin
The Shining One

Annotations:
D:1 1 exclusion


Innate Abilities, Weirdness & Mutations

You have a pair of horns on your head.
You reflexively headbutt those who attack you in melee.


Message History

You are more poisoned.
The orc wizard completely misses you. The orc hits you but does no damage.
You feel very sick.
The orc priest hits you but does no damage.
You hit the orc wizard.
The orc wizard is heavily wounded.
You feel very sick.
The orc priest hits you but does no damage.
You are more poisoned.
The orc wizard hits you but does no damage.
You slash the orc wizard!
You kill the orc wizard!
Okawaru accepts your kill.
You feel very sick.
The orc throws a silver boomerang.
The silver boomerang hits you.
The orc priest hits you from afar with a +1 trident of venom.
Your Dodging skill increases to level 6!
You feel very sick.
The orc throws a silver boomerang.
The silver boomerang barely misses you.
You feel very sick.
You feel very sick.
You feel sick.
You feel sick.
The orc priest looks braver for a moment.
You feel sick.
The orc priest looks satisfied for a moment.
You feel sick.
There is an open door here.
You feel sick.
You feel sick.
The gnoll shouts!
You feel sick.
You feel sick.
You are no longer poisoned.
The gnoll shouts!
A gnoll comes into view. It is wielding a +0 spear.
The gnoll shouts! x2
The orc priest mumbles some strange prayers to Beogh against you.
Beogh smites you!
You die...

..........#....#....'.........#..
.........##....##...#.........#..
######...##....##g.##gg####.####'
....##...#.....##..##g.####.####.
.....'...'.........#....#........
.....#..<##....##..'....#........
....##...##....##g.######.####...
....##...##....##..######.####...
.....#..........@....o...........
....##...............#o..........
######...........)...#...........
#....##....##..####...##..##.
##...########..####o.o##..###
#...# ............#....# ....#
............'....# .....#
.##..##.##..###### #. #)#####


You could see an orc priest, 5 gnolls and an orc.

Vanquished Creatures
  Grinder (D:3)
  Sigmund (D:6)
  A centaur (D:5)
  3 ogres
  A scorpion (D:4)
  5 water moccasin zombies (Ossuary)
  A vampire bat (D:4)
  4 hounds
  A jelly (D:5)
  4 orc priests
  A sleepcap (D:6)
  An iguana (D:4)
  3 orc wizards
  2 mummies (Ossuary)
  8 adders
  A gnoll (D:3)
  2 white imps (D:5)
  3 ufetubi
  4 adder zombies (Ossuary)
  A worm (D:2)
  4 dart slugs
  13 orcs
  16 endoplasms
  4 giant cockroaches
  8 goblins
  8 hobgoblins
  10 jackals
  2 quokkas
  5 ball pythons
  12 bats
  6 frilled lizards
  4 gnoll zombies (Ossuary)
  4 hobgoblin zombies (Ossuary)
  9 kobolds
  8 kobold zombies (Ossuary)
  5 orc zombies (Ossuary)
  8 rats
174 creatures vanquished.

Notes
Turn   | Place    | Note
-------+----------+-------------------------------------------
     0 | D:1      | Kraken2834 the Minotaur Monk began the quest for the Orb.
     0 | D:1      | Reached XP level 1. HP: 19/19 MP: 0/0
   188 | D:1      | Reached XP level 2. HP: 27/27 MP: 1/1
   262 | D:1      | Reached skill level 4 in Axes
   262 | D:1      | Reached skill level 1 in Armour
   430 | D:1      | Reached XP level 3. HP: 33/33 MP: 2/2
  1289 | D:2      | Reached XP level 4. HP: 35/41 MP: 3/3
  1824 | D:3      | Found a broken altar of Ashenzari.
  1828 | D:3      | Saw a vision of the Swamp and the Snake Pit.
  1828 | D:3      | Noticed a mana viper
  1828 | D:3      | Noticed a naga mage
  1828 | D:3      | Noticed a spriggan druid
  1828 | D:3      | Noticed a black mamba
  1828 | D:3      | Noticed a bunyip
  1828 | D:3      | Noticed a naga
  1830 | D:3      | Noticed a black mamba
  1830 | D:3      | Noticed a shambling mangrove
  1835 | D:3      | Noticed a naga sharpshooter
  2009 | D:3      | Reached skill level 5 in Axes
  2032 | D:3      | Found a white marble altar of Elyvilon.
  2032 | D:3      | Found a bloodstained altar of Trog.
  2150 | D:3      | Noticed Grinder
  2175 | D:3      | Killed Grinder
  2176 | D:3      | Reached skill level 5 in Fighting
  2176 | D:3      | Reached XP level 5. HP: 16/48 MP: 4/4
  2176 | D:3      | Reached XP level 6. HP: 19/56 MP: 5/5
  2344 | D:4      | Reached skill level 6 in Axes
  2690 | D:4      | Reached XP level 7. HP: 61/61 MP: 6/6
  3056 | D:4      | Identified the +3 whip of Kybieme {flame, rF+ rC++ rCorr
                  | Int-4}
  3246 | D:5      | Entered Level 5 of the Dungeon
  3279 | D:5      | Found a sand-covered staircase.
  3284 | Ossuary  | Entered an ossuary
  3314 | Ossuary  | Reached skill level 7 in Axes
  3314 | Ossuary  | Reached skill level 5 in Dodging
  3711 | D:5      | Found a sparkling altar of Nemelex Xobeh.
  3730 | D:5      | Reached XP level 8. HP: 66/71 MP: 7/7
  3830 | D:5      | Reached skill level 5 in Armour
  4012 | D:5      | Found a sacrificial altar of Ru.
  4120 | D:5      | Found a basalt altar of Yredelemnul.
  4175 | D:5      | Found a staircase to the Ecumenical Temple.
  4186 | Temple   | Entered the Ecumenical Temple
  4291 | Temple   | Became a worshipper of Warmaster Okawaru
  4291 | Temple   | Reached * piety under Okawaru
  4291 | Temple   | Reached ** piety under Okawaru
  4442 | D:5      | Reached skill level 8 in Axes
  4821 | D:6      | Noticed Sigmund
  4978 | D:6      | Killed Sigmund
  4979 | D:6      | Reached skill level 1 in Invocations
  5442 | D:6      | Killed from afar by an orc priest

Illustrated notes

Levels and vault maps discovered:
D:1:      lemuel_arrival_hallway, layout_basic, serial_bayou_lagoon_a,
          minmay_misc_feat_rugged, minmay_pentomino_o4
D:2:      layout_loops_cross
D:3:      layout_rooms, grunt_ashenzari_visionary
          [grunt_ashenzari_visionary_swamp, grunt_ashenzari_visionary_snake],
          chequers_temple_overflow_statue_of_worship, minmay_fractal_squares_5,
          uniq_grinder
D:4:      layout_loops_ring, roderic_batcave, kennysheep_generic_room_5
D:5:      layout_loops_cross, kennysheep_mini_moat, lemuel_tele_altar,
          mainiacjoe_overflow_concentric_impassable,
          minmay_temple_entry_proselytizer, lightli_ossuary_entry_decrepit_ruins
D:6:      layout_gridville, serial_shops, nicolae_shop_pleasant_corner_grove,
          nicolae_fountain_basement, uniq_sigmund
Temple:   minmay_temple_bridge_abc

Skill      XL: |  1  2  3  4  5  6  7  8 |
---------------+-------------------------+-----
Fighting       | 4 5 6 7 |  7.6
Axes           | 4 5 6 7 8 |  8.5
Armour         | 1 2 3 4 6 |  6.5
Dodging        | 4 5 6 |  6.0
Invocations    | 1 |  1.6

Action                     |  1- 3 |  4- 6 |  7- 9 || total
---------------------------+-------+-------+-------++-------
  Melee: Hand axe          |    87 |   114 |   242 ||   443
         Headbutt          |    21 |    19 |    72 ||   112
  Evoke: Wand              |       |     1 |       ||     1
 Armour: Robe              |     8 |     4 |       ||    12
         Plate armour      |       |    49 |   141 ||   190
  Dodge: Dodged            |    56 |    45 |    75 ||   176
